 Dungeon Crawl Stone Soup version 0.31.0-1-g2c135a0 (webtiles) character file.

Game seed: 14778980120925569411

26947 BackgroundCharacter the Brawler (level 13, -1/129 HPs)
             Began as a Troll Shapeshifter on Apr 5, 2024.
             Slain by a spriggan rider
             ... wielding the +2 trident of Cirghyarch {antimagic, Int+3}
              (13 damage)
             ... on level 13 of the Dungeon.
             The game lasted 01:10:01 (10584 turns).

BackgroundCharacter the Brawler (TrSh)             Turns: 10584, Time: 01:10:02

Health: -1/129     AC: 13    Str: 35    XL:     13   Next: 1%
Magic:  0/12       EV: 11    Int:  6    God:
Gold:   560        SH:  5    Dex:  9    Spells: 12/12 levels left

rFire   . .          .
                       - Unarmed
rCold   . . .        (no shield)
rNeg    . . .        E - +0 acid dragon scales
rPois   .            (helmet currently unavailable)
rElec   .            (cloak currently unavailable)
rCorr   +            (gloves unavailable)
SInv    .            (boots unavailable)
Will    +....        D - amulet of reflection
Stlth   +            l - +6 ring of strength
HPRegen 1.21/turn    i - +4 ring of protection
MPRegen 0.13/turn

%: reflection
@: beast-form
A: beast (slay +4), large, unfitting armour, claws 3, regeneration 1, shaggy fur
1, tough skin 1, strong-willed 1, robust 1, inability to read after injury 1
a: Begin Untransformation


You were on level 13 of the Dungeon.
You were a hulking beast.
You visited 2 branches of the dungeon, and saw 14 of its levels.

You collected 690 gold pieces.
You spent 130 gold pieces at shops.

Inventory:

Armour
 C - +0 steam dragon scales
 E - +0 acid dragon scales (worn)
 I - a +0 troll leather armour
Jewellery
 h - a ring of positive energy
 i - a +4 ring of protection (right claw)
 l - a +6 ring of strength (left claw)
 A - a ring of protection from fire
 D - an amulet of reflection (around neck)
 H - a +4 ring of protection
 K - an amulet of the acrobat
 O - a +6 ring of strength
 P - a +6 ring of dexterity
 Q - a ring of see invisible
Talismans
 c - a beast talisman (active)
 d - a flux talisman
 r - a dragon-blood talisman
 N - a blade talisman
Wands
 a - a wand of flame (20)
 s - a wand of quicksilver (24)
 G - a wand of roots (7)
Scrolls
 f - 3 scrolls of brand weapon {unknown}
 g - 9 scrolls of identify {unknown}
 k - 3 scrolls of blinking {unknown}
 q - 3 scrolls of noise {unknown}
 t - 7 scrolls of teleportation {unknown}
 u - a scroll of amnesia {unknown}
 v - 3 scrolls of enchant weapon {unknown}
 x - 3 scrolls of immolation {unknown}
 y - 4 scrolls of fear {unknown}
 F - a scroll of enchant armour {unknown}
 J - a scroll of poison {unknown}
 L - a scroll of silence {unknown}
 M - a scroll of revelation {unknown}
Potions
 b - a potion of lignification
 e - a potion of enlightenment
 j - 3 potions of mutation
 n - 3 potions of curing
 o - a potion of attraction
 p - a potion of resistance
 z - 4 potions of might
 B - 2 potions of haste
Miscellaneous
 w - a lightning rod (4/4)


   Skills:
 + Level 5.3 Fighting
 + Level 5.9 Armour
 + Level 7.6 Dodging
 + Level 2.4 Stealth
 + Level 3.1 Shields
 + Level 15.8 Unarmed Combat
 + Level 7.1 Shapeshifting


You had 12 spell levels left.
You didn't know any spells.
Your spell library contained the following spells:

 Spells                   Type           Power      Damage    Failure   Level
 Apportation              Tloc           0%         N/A       50%         1
 Slow                     Hex            0%         N/A       50%         1
 Summon Small Mammal      Summ           0%         N/A       50%         1
 Ensorcelled Hibernation  Hex/Ice        0%         N/A       65%         2
 Jinxbite                 Hex            0%         N/A       65%         2
 Call Canine Familiar     Summ           0%         N/A       86%         3
 Confusing Touch          Hex            0%         N/A       86%         3
 Dazzling Flash           Conj/Hex       0%         N/A       86%         3
 Gell's Gravitas          Tloc           0%         N/A       86%         3
 Mephitic Cloud           Conj/Alch/Air  0%         N/A       86%         3
 Passwall                 Erth           0%         N/A       86%         3
 Sigil of Binding         Hex            0%         N/A       86%         3
 Swiftness                Air            0%         N/A       86%         3
 Teleport Other           Tloc           0%         N/A       86%         3
 Tukima's Dance           Hex            0%         N/A       86%         3
 Vampiric Draining        Necr           0%         2d6       86%         3
 Cause Fear               Hex            0%         N/A       99%         4
 Passage of Golubria      Tloc           0%         N/A       99%         4
 Summon Blazeheart Golem  Fire/Summ      0%         N/A       99%         4
 Alistair's Intoxication  Alch           0%         N/A       100%        5
 Curse of Agony           Necr           0%         N/A       100%        5
 Fireball                 Conj/Fire      0%         3d3       100%        5
 Silence                  Hex/Air        0%         N/A       100%        5
 Yara's Violent Unravell  Hex/Alch       0%         3d3       100%        5
 Dispersal                Tloc           0%         N/A       100%        6
 Dragon's Call            Summ           0%         N/A       100%        9


Dungeon Overview and Level Annotations

Branches:
Dungeon (13/15)            Temple (1/1) D:7            Lair (0/5) D:9
    Orc (0/2) D:12
 Vaults: D:13-14

Altars:
Ashenzari
Cheibriados
Dithmenos
Elyvilon
Fedhas
Gozag
Hepliaklqana
Kikubaaqudgha
Makhleb
Nemelex Xobeh
Okawaru
Qazlal
Ru
Sif Muna
Trog
Uskayaw
Vehumet
Wu Jian
Xom
Yredelemnul
Zin
The Shining One

Shops:
D:2 ?   D:4 *?   D:9 (   D:12 [

Annotations:
D:13 holocube's ghost, journeyman FeCj


Innate Abilities, Weirdness & Mutations

You are a hulking beast.
Your limbs bulge with bestial killing power. (Slay +4)
You are too large for most types of armour.
You have claws for hands.
Your natural rate of healing is unusually fast.
You are covered in fur. (AC +1)
You have tough skin. (AC +1)
You are strong-willed. (Will+)
You are robust. (+10% HP)
You occasionally lose the ability to read scrolls when taking damage.


Message History

Reactivating autopickup.
The spriggan rider hits you from afar with a +0 spear!
The spriggan rider hits you with a +0 spear.
You block the spriggan rider's attack.
There is an open translucent door, spattered with blood here.
You completely miss the spriggan rider. You block the spriggan rider's attack.
The spriggan rider hits you but does no damage.
You miss the spriggan rider.
The spriggan rider completely misses you.
The spriggan rider hits you but does no damage.
You barely miss the spriggan rider. You mangle the spriggan rider!!
The spriggan rider is moderately wounded.
The spriggan rider hits you with a +0 spear!
The spriggan rider hits you from afar with the +2 trident of Cirghyarch {antimagic, Int+3}!
You feel your power leaking away.
You mangle the spriggan rider!!
The spriggan rider is severely wounded.
The spriggan rider hits you with a +0 spear!
* * * LOW HITPOINT WARNING * * *
The spriggan rider barely misses you.
You eviscerate the spriggan rider!!!
You kill the spriggan rider!
You kill the hornet!
You have reached level 13!
The spriggan rider hits you from afar with the +2 trident of Cirghyarch {antimagic, Int+3}!
* * * LOW HITPOINT WARNING * * *
You feel your power leaking away.
You feel better.
The spriggan rider hits you from afar with the +2 trident of Cirghyarch {antimagic, Int+3}!!
* * * LOW HITPOINT WARNING * * *
The spriggan rider completely misses you.
There is an open translucent door, spattered with blood here.
You miss the spriggan rider. Your claw misses the spriggan rider.
You block the spriggan rider's attack.
You claw the spriggan rider!
The spriggan rider is moderately wounded.
You mangle the spriggan rider!!
The spriggan rider is severely wounded.
The spriggan rider hits you with the +2 trident of Cirghyarch {antimagic, Int+3}!
You die...

#'##########..###..§.≈.§...#
......# ####### #####......#
......# #..# ♣♣♣ ♣♣##.....#
......###'## ♣♣....♣♣#######
...........#♣♣...♣..♣
..........##♣.♣.!..♣
..........#♣♣.♣i♣..♣♣
..........#♣!♣W♣i..(♣♣
..........#♣$###h###.♣
...##.....####8...8##
...##.......#.......#
.####.......####..###############
.# #.......# ##................
.# ##.#.#'### ####.............
.###..#...# #.............
.##..###..######## #.............
.#..##.##..##....# #...§§≈§§≈....


You could see a spriggan rider, a spriggan and holocube's ghost.

Vanquished Creatures
  Frances (D:13)
  Azrael (D:13)
  2 hydras (D:13)
  Erica (D:9)
  2 two-headed ogres
  2 boulder beetles
  4 centaur warriors
  2 tengu warriors (D:13)
  A spriggan (D:13)
  2 deep trolls (D:10)
  2 arcanists (D:13)
  A deep elf pyromancer (D:13)
  4 cyclopes
  3 meliai (D:13)
  A gargoyle (D:11)
  Maggie (D:8)
  A kobold demonologist (D:10)
  An unseen horror (D:13)
  Jeremiah (D:9)
  7 trolls
  A polar bear (D:13)
  Grinder (D:6)
  3 hornets
  Sigmund (D:2)
  A vampire (D:12)
  A wraith (D:11)
  A wyvern (D:9)
  4 fire elementals (D:13)
  8 yaks
  Menkaure (D:5)
  A warg (D:9)
  Edmund (D:5)
  A steam dragon (D:7)
  4 acid dragons
  2 water moccasins
  A hell hound (D:13)
  Duvessa (D:6)
  2 black bears (D:4)
  5 orc warriors
  3 sky beasts
  An ice beast (D:5)
  3 wolves
  A boggart (D:13)
  5 centaurs (D:13)
  3 kobold brigands
  A scorpion (D:6)
  5 bullfrogs
  2 gnoll sergeants
  11 wights
  Dowan (D:6)
  3 killer bees (D:9)
  2 howler monkeys (D:12)
  A lava snake (D:13)
  A bombardier beetle (D:5)
  A crimson imp (D:5)
  Crazy Yiuf (D:7)
  A hound (D:5)
  10 orc priests
  A gnoll bouda (D:5)
  2 jellies
  Ijyb (D:3)
  Terence (D:2)
  15 orc wizards
  Robin (D:2)
  22 gnolls
  11 adders
  2 white imps
  2 ufetubi (D:5)
  2 ribbon worms
  3 dart slugs
  51 orcs
  5 ball pythons
  10 endoplasms
  6 giant cockroaches
  10 goblins
  6 hobgoblins
  17 kobolds
  5 quokkas
  5 bats
  3 frilled lizards
  7 rats
324 creatures vanquished.

Notes
Turn   | Place    | Note
-------+----------+-------------------------------------------
     0 | D:1      | BackgroundCharacter the Troll Shapeshifter began the quest
                  | for the Orb.
     0 | D:1      | Reached XP level 1. HP: 18/18 MP: 0/0
   108 | D:1      | Reached XP level 2. HP: 26/26 MP: 1/1
   550 | D:1      | Reached XP level 3. HP: 32/32 MP: 2/2
   845 | D:2      | Noticed Sigmund
   860 | D:2      | Killed Sigmund
   861 | D:2      | Reached skill level 4 in Unarmed Combat
   861 | D:2      | Reached XP level 4. HP: 31/40 MP: 3/3
   861 | D:2      | Reached XP level 5. HP: 36/46 MP: 4/4
   969 | D:2      | Reached skill level 5 in Unarmed Combat
  1042 | D:2      | Found Tieraonwie's Magic Scroll Emporium.
  1119 | D:2      | Noticed Robin
  1134 | D:2      | Killed Robin
  1253 | D:2      | Noticed Terence
  1266 | D:2      | Killed Terence
  1267 | D:2      | Reached XP level 6. HP: 54/54 MP: 5/5
  1639 | D:3      | Reached skill level 1 in Fighting
  1696 | D:3      | Identified the +1 ring mail of Laxodynk {+Inv Will++ Str-4
                  | Stlth+}
  1946 | D:3      | Noticed Ijyb
  1952 | D:3      | Killed Ijyb
  2113 | D:4      | Found Retaomaant's Magic Scroll Emporium.
  2150 | D:4      | Reached skill level 6 in Unarmed Combat
  2150 | D:4      | Reached XP level 7. HP: 62/62 MP: 6/6
  2246 | D:4      | Reached skill level 1 in Stealth
  2324 | D:4      | Found Said's Assorted Antiques.
  2681 | D:5      | Entered Level 5 of the Dungeon
  2704 | D:4      | Bought a large diamond ring for 130 gold pieces
  2765 | D:5      | Reached skill level 7 in Unarmed Combat
  2844 | D:5      | Identified the +5 chain mail of Mysticism {rN++ Str-4}
  2930 | D:5      | Reached XP level 8. HP: 14/70 MP: 7/7
  3011 | D:5      | Noticed Menkaure
  3024 | D:5      | Killed Menkaure
  3025 | D:5      | Reached skill level 5 in Shapeshifting
  3129 | D:5      | Noticed Edmund
  3143 | D:5      | Killed Edmund
  3144 | D:5      | Reached skill level 8 in Unarmed Combat
  3474 | D:6      | Found a hazy altar of Hepliaklqana.
  3476 | D:6      | Found a blossoming altar of Fedhas.
  3477 | D:6      | Found an ornate altar of the Wu Jian Council.
  3478 | D:6      | Found a white marble altar of Elyvilon.
  3478 | D:6      | Found a shimmering altar of Xom.
  3479 | D:6      | Found a glowing golden altar of the Shining One.
  3479 | D:6      | Found a bloodstained altar of Trog.
  3480 | D:6      | Found an ancient bone altar of Kikubaaqudgha.
  3613 | D:6      | Identified the +9 halberd "Ziyfiwne" {venom, rC+}
  3716 | D:6      | Found an iron altar of Okawaru.
  3750 | D:6      | Reached skill level 9 in Unarmed Combat
  3885 | D:6      | Noticed Duvessa
  3886 | D:6      | Noticed Dowan
  3894 | D:6      | Killed Duvessa
  3895 | D:6      | Reached XP level 9. HP: 68/80 MP: 8/8
  3902 | D:6      | Killed Dowan
  3944 | D:6      | Found a sparkling altar of Nemelex Xobeh.
  3974 | D:6      | Noticed Grinder
  3982 | D:6      | Killed Grinder
  4212 | D:7      | Found a snail-covered altar of Cheibriados.
  4304 | D:7      | Reached skill level 10 in Unarmed Combat
  4481 | D:7      | Found a staircase to the Ecumenical Temple.
  4675 | D:7      | Found a runed translucent door.
  4676 | D:7      | Noticed Crazy Yiuf
  4681 | D:7      | Killed Crazy Yiuf
  4717 | Temple   | Entered the Ecumenical Temple
  4926 | D:8      | Noticed Maggie
  4940 | D:8      | Killed Maggie
  5065 | D:8      | Reached skill level 5 in Dodging
  5342 | D:8      | Reached skill level 11 in Unarmed Combat
  5342 | D:8      | Reached XP level 10. HP: 91/91 MP: 9/9
  5378 | D:8      | Reached skill level 1 in Armour
  5694 | D:9      | Found a burning altar of Makhleb.
  5744 | D:9      | Paralysed by a hornet for 2 turns
  6031 | D:9      | Noticed a two-headed ogre
  6051 | D:9      | Killed a two-headed ogre
  6066 | D:9      | Reached skill level 12 in Unarmed Combat
  6162 | D:9      | Noticed Jeremiah
  6169 | D:9      | Killed Jeremiah
  6238 | D:9      | Found a staircase to the Lair.
  6463 | D:9      | Found Wolel's Antique Weapon Emporium.
  6534 | D:9      | Noticed Erica
  6540 | D:9      | Killed Erica
  6708 | D:10     | Entered Level 10 of the Dungeon
  6909 | D:10     | Reached XP level 11. HP: 82/100 MP: 10/10
  6967 | D:10     | Noticed a centaur warrior
  6976 | D:10     | Killed a centaur warrior
  7403 | D:10     | Noticed a deep troll
  7409 | D:10     | Killed a deep troll
  7446 | D:10     | Noticed a deep troll
  7458 | D:10     | Killed a deep troll
  7459 | D:10     | Reached skill level 13 in Unarmed Combat
  7662 | D:11     | Noticed a centaur warrior
  7676 | D:11     | Killed a centaur warrior
  7967 | D:11     | Reached skill level 1 in Shields
  8410 | D:12     | Found Tiduah's Armour Emporium.
  8669 | D:12     | Noticed a two-headed ogre
  8670 | D:12     | Noticed a boulder beetle
  8675 | D:12     | Killed a two-headed ogre
  8681 | D:12     | Killed a boulder beetle
  8682 | D:12     | Reached skill level 14 in Unarmed Combat
  8716 | D:12     | Reached skill level 5 in Armour
  8716 | D:12     | Reached XP level 12. HP: 95/109 MP: 11/11
  8850 | D:12     | Found a staircase to the Orcish Mines.
  9122 | D:13     | Noticed a five-headed hydra
  9123 | D:13     | Noticed a centaur warrior
  9232 | D:12     | Gained mutation: You are robust. (+10% HP) [potion of
                  | mutation]
  9232 | D:12     | Gained mutation: You occasionally lose the ability to read
                  | scrolls when taking damage. [potion of mutation]
  9232 | D:12     | Gained mutation: You are strong-willed. (Will+) [potion of
                  | mutation]
  9363 | D:13     | Noticed a five-headed hydra
  9377 | D:13     | Killed a nine-headed hydra
  9530 | D:13     | Noticed a tengu warrior
  9532 | D:13     | Reached skill level 15 in Unarmed Combat
  9539 | D:13     | Killed a ten-headed hydra
  9540 | D:13     | Noticed a tengu warrior
  9547 | D:13     | Killed a tengu warrior
  9548 | D:13     | Reached skill level 5 in Fighting
  9559 | D:13     | Killed a tengu warrior
  9562 | D:13     | Noticed a boulder beetle
  9568 | D:13     | Killed a boulder beetle
  9780 | D:13     | Noticed Azrael
  9785 | D:13     | Killed Azrael
  9853 | D:13     | Noticed Frances
  9866 | D:13     | Killed Frances
  9921 | D:13     | Found a glowing golden altar of the Shining One.
  9945 | D:13     | Noticed a centaur warrior
  9953 | D:13     | Killed a centaur warrior
 10090 | D:13     | Found a runed translucent door.
 10090 | D:13     | Noticed holocube's ghost (journeyman FeCj)
 10092 | D:13     | Identified the +2 trident of Cirghyarch {antimagic, Int+3}
 10181 | D:13     | Killed a centaur warrior
 10579 | D:13     | Reached XP level 13. HP: 36/129 MP: 10/12
 10584 | D:13     | Slain by a spriggan rider

Illustrated notes

Levels and vault maps discovered:
D:1:      lightli_arrival_windingriver, layout_basic, serial_rivers,
          chequers_serial_rivers_room_b, chequers_serial_rivers_marsh,
          chequers_serial_rivers_large_a, chequers_serial_rivers_room_a
D:2:      layout_basic, serial_rivers, chequers_serial_rivers_large_b,
          chequers_serial_rivers_marsh, chequers_serial_rivers_room_b,
          chequers_serial_rivers_micro_a, serial_shops, shop,
          serial_bayou_lake_a, uniq_terence, uniq_sigmund, uniq_robin
D:3:      layout_basic, uniq_ijyb
D:4:      layout_rooms, serial_shops, nicolae_shop_rolling_square,
          corexii_corridor_pit, hangedman_feature_mirror, nicolae_stop_n_shop_1,
          minmay_checkerbox
D:5:      layout_rooms, minmay_fire_ice_demons, uniq_edmund, uniq_menkaure
D:6:      layout_basic, nemelex_xobeh_ov_fountains_minmay,
          mainiacjoe_overflow_alcove_4, grunt_temple_overflow_open,
          uniq_grinder, uniq_duvessa
D:7:      layout_basic, old_standard_altar, minmay_temple_entry_mini_moons,
          blue_anna_alchemist, uniq_crazy_yiuf_cottage
D:8:      layout_loops_corners, uniq_maggie
D:9:      layout_roguey, overflow_temple_1_default, erik_lair_orcish_takeover,
          serial_shops, shop_statue, wad_floor_pattern_1, st_stairs_3,
          serial_library_regret_index_branch_corner, uniq_erica, uniq_jeremiah
D:10:     lemuel_troll_bridge, layout_irregular_city
D:11:     layout_irregular_city, kennysheep_generic_room_16
D:12:     layout_roguey, hiddenorc2_lemuel, serial_shops, nicolae_square_shop
D:13:     layout_basic, ebering_ghost_funeral_grove, st_stairs_14,
          tso_metal_star, uniq_frances, uniq_azrael
Temple:   hellmonk_temple_rainy

Skill      XL: |  1  2  3  4  5  6  7  8  9 10 11 12 |
---------------+-------------------------------------+-----
Dodging        | 2 3 4 5 6 7 |  7.6
Unarmed Combat | 4 5 6 7 9 11 12 14 15 | 15.8
Shapeshifting  | 4 5 6 7 |  7.1
Fighting       | 1 2 3 4 5 |  5.3
Stealth        | 1 2 |  2.4
Armour         | 3 5 |  5.9
Shields        | 1 3 |  3.1

Action                     |  1- 3 |  4- 6 |  7- 9 | 10-12 | 13-15 || total
---------------------------+-------+-------+-------+-------+-------++-------
  Melee: Unarmed           |    45 |   107 |   255 |   407 |     3 ||   817
         Punch             |       |     2 |    12 |    28 |       ||    42
    Use: Potion            |       |       |       |    13 |     1 ||    14
   Stab: Sleeping          |     1 |       |     2 |       |       ||     3
 Armour: Animal skin       |    26 |    88 |   147 |       |       ||   261
         Steam dragon scal |       |       |    32 |       |       ||    32
         Acid dragon scale |       |       |     4 |   435 |     3 ||   442
         Skin              |       |       |     2 |       |       ||     2
  Dodge: Dodged            |    11 |    64 |    98 |   190 |     1 ||   364
  Block: Other             |       |       |       |    64 |     1 ||    65
         Reflection        |       |       |       |     9 |       ||     9
   Form: Beast             |     1 |       |       |       |       ||     1
